 Dungeon Crawl Stone Soup version 0.20-a0-870-g4070442 (webtiles) character file.

144611 4thArraOfDagon the Basher (level 16, -6/113 HPs)
             Began as a Mummy Wanderer on Mar 13, 2017.
             Was an Elder of Cheibriados.
             Killed from afar by a deep elf annihilator (31 damage)
             ... with an iron shot
             ... on level 3 of the Elven Halls.
             The game lasted 01:36:12 (18193 turns).

4thArraOfDagon the Basher (Mummy Wanderer)         Turns: 18193, Time: 01:36:13

Health: -6/113     AC: 27    Str: 26    XL:     16   Next: 85%
Magic:  33/41      EV: 16    Int: 28    God:    Cheibriados [****..]
Gold:   929        SH:  0    Dex: 30    Spells: 13/15 levels left

rFire    + + .     SeeInvis +   q - +9 battleaxe of Expedience {elec, rF++ MP+9 SInv Stlth+}
rCold    + + .     Gourm    .   N - +4 plate armour {rC+}
rNeg     + + +     Faith    .   (shield currently unavailable)
rPois    ∞         Spirit   .   v - +0 helmet
rElec    .         Reflect  .   M - +0 cloak {rF+}
rCorr    .         Harm     .   o - +2 pair of gloves of Guah {rN+ Str+4 Dex+4}
MR       ++++.                  (no boots)
Stlth    ..........             Q - amulet "Ceqifun" {Regen+ Stlth+}
Regen    0.7/turn               j - +3 ring of protection
MPRegen  0.3/turn               P - ring "Alov" {*Drain rPois MR++ MP+9 Int+4}

@: very slightly contaminated, very slow
A: no food or potions, fire vulnerability, cold resistance 1, negative energy
resistance 3, torment resistance, unbreathing, in touch with death 1
a: Bend Time, Temporal Distortion, Slouch, Renounce Religion


You were on level 3 of the Elven Halls.
You worshipped Cheibriados.
Cheibriados was greatly pleased with you.
You were not hungry.

You visited 6 branches of the dungeon, and saw 31 of its levels.
You also visited: Volcano.

You collected 2627 gold pieces.
You spent 1698 gold pieces at shops.

Inventory:

Hand Weapons
 q - the +9 battleaxe of Expedience (weapon) {elec, rF++ MP+9 SInv Stlth+}
   (You found it on level 1 of the Elven Halls)

   Occasionally, upon striking a foe, it will discharge some electrical energy
   and cause terrible harm.
   It greatly protects you from fire.
   It affects your magic capacity (+9).
   It lets you see invisible.
   It makes you more stealthy.
 C - a +1 great mace of flaming
 D - a +5 great mace of flaming
 H - the cursed +3 quarterstaff "Ogrebane" {protect, +Blink rF+ Str+5 Int+4, unknown}
   (You found it on level 2 of the Elven Halls)

   It protects the one who uses it against injury (+AC on strike).
   It affects your strength (+5).
   It affects your intelligence (+4).
   It protects you from fire.
   It lets you blink.
   It has a curse placed upon it.
Missiles
 c - 161 bolts
 d - 2 curare-tipped needles
Armour
 g - a +1 pair of gloves
 o - the +2 pair of gloves of Guah (worn) {rN+ Str+4 Dex+4}
   (You acquired it on level 3 of the Elven Halls)

   It affects your strength (+4).
   It affects your dexterity (+4).
   It protects you from negative energy.
 s - a +0 cloak
 v - a +0 helmet (worn)
 I - a +4 troll leather armour
 L - a +1 chain mail of fire resistance
 M - a +0 cloak of fire resistance (worn)
 N - a +4 plate armour of cold resistance (worn)
 Z - a scarf of cold resistance
Magical Staves
 A - an uncursed staff of cold
 J - an uncursed staff of energy {!a}
Jewellery
 j - a +3 ring of protection (right hand)
 t - an uncursed ring of protection from fire
 x - an uncursed amulet of faith
 z - a +3 ring of strength
 E - an uncursed ring of protection from cold
 P - the ring "Alov" (left hand) {*Drain rPois MR++ MP+9 Int+4}
   (You bought it in a shop on level 2 of the Orcish Mines)

   [ring of magical power]

   It affects your intelligence (+4).
   It protects you from poison.
   It affects your resistance to hostile enchantments.
   It affects your magic capacity (+9).
   It causes draining when unequipped.
 Q - the amulet "Ceqifun" (around neck) {Regen+ Stlth+}
   (You bought it in a shop on level 2 of the Orcish Mines)

   [amulet of regeneration]

   It increases your rate of regeneration.
   It makes you more stealthy.
 V - an uncursed amulet of regeneration {unknown}
Wands
 h - a wand of iceblast (3/15)
 k - a wand of enslavement (19/24)
 l - a wand of polymorph (22/24)
 r - a wand of disintegration (18/24)
 w - a wand of confusion (15/48)
 y - a wand of flame (21/48)
 B - a wand of paralysis (3/24)
 F - a wand of iceblast (0/15)
 S - a wand of digging (4/24)
 U - a wand of confusion (32/48)
 W - a wand of confusion (21/48)
Scrolls
 a - a scroll of summoning
 b - a scroll of magic mapping
 e - 2 scrolls of silence
 f - a scroll of blinking
 i - 2 scrolls of vulnerability
 m - a scroll of fog
 n - a scroll of holy word
 p - 11 scrolls of remove curse
 u - 2 scrolls of amnesia
 G - 2 scrolls of fear
 O - 2 scrolls of teleportation
 R - 5 scrolls of recharging
 X - a scroll of brand weapon
 Y - 2 scrolls of identify
Miscellaneous
 K - a phial of floods


   Skills:
 - Level 6.6 Fighting
   Level 1.0 Long Blades
 * Level 12.6(15.1) Axes
 - Level 14.0(15.8) Maces & Flails
 - Level 1.0 Throwing
 - Level 10.0 Armour
 - Level 10.0 Dodging
 - Level 1.0 Stealth
 - Level 10.0 Invocations
 - Level 6.1 Evocations


You had 13 spell levels left.
You knew the following spells:

 Your Spells              Type           Power        Failure   Level  Hunger
a - Blink                 Tloc           N/A          98%         2    N/A

Dungeon Overview and Level Annotations

Branches:
Dungeon (15/15)            Temple (0/1) D:5            Lair (6/6) D:11
 Shoals (2/4) Lair:2        Snake (3/4) Lair:2        Slime (0/5) Lair:5
    Orc (2/2) D:11            Elf (3/3) Orc:2
 Vaults: D:13-14     Depths: D:15

Altars:
Cheibriados
Fedhas
Okawaru
Qazlal
Ru
Trog
Beogh
Jiyva

Shops:
D:10 *   D:11 *   Orc:1 (   Orc:2 ?}%=   Elf:1 (:}   Elf:2 ?

Annotations:
D:6 4thArraOfDagon's ghost, novice NaWn
Lair:6 exclusion: oklob plant
Shoals:2 exclusion: Roxanne, Roxanne
Elf:2 2 runed doors


Innate Abilities, Weirdness & Mutations

You do not eat or drink.
Your flesh is vulnerable to fire.
You are immune to poison.
Your flesh is cold resistant. (rC+)
You are immune to negative energy. (rN+++)
You are immune to unholy pain and torment.
You can survive without breathing.
You are in touch with the powers of death.


Message History

Unknown command.
As you read the scroll of fog, it crumbles to dust.
The scroll dissolves into smoke.
Evoke which item? (* to show all) (? for menu, Esc to quit)
Aiming: Iceblast
Press: ? - help, Shift-Dir - straight line The mass of ice explodes!
This wand has 4 charges left.
You hear a shout! x2
Evoke which item? (* to show all) (? for menu, Esc to quit)
Aiming: Iceblast
Press: ? - help, Shift-Dir - straight line, f - deep elf annihilator
Aim: a deep elf annihilator, wielding a translucent short sword {protect} and wearing a runed leather armour (blue smoke, lightly wounded)
The mass of ice explodes!
The iceblast engulfs the deep elf annihilator.
The deep elf annihilator is heavily wounded.
This wand has 3 charges left.
You hear a shout!
The deep elf annihilator casts a spell at you.
The iron shot hits you!
You die...

* *,* ##.##...##.## ##.## #**,*
##.####..###.## ##.## .#*,*
##(##*#.#..###.## ##.# #.#,*
##.#e##.##...###.## #.# *#.,*
##.###..#*#.#..###.## #.# **,*
#...##.§# #.##..###.## #.# *****
###.####e####*### ##.###.# ,*
*...* #§##,,,,** ##.##.# ,* #.#.#
#@#,,,,,*####.#)## +* #.*.#
###+**,,,#.##<)[.. ,**** #.*e#
****,,**,,#..)))...
,,,,***#.,e#***,,,,,,*,,##.......
,,⌠,,,,#.,e#,,,,⌠,,,,+,,*##.#####
*,,,,,,,,,,,,,,,,,*###*** #..#,.#
,,,,,,,,,*,,,,,,,,,.....###.#....
,,,,,,,,***,,,,,,,,,**#..........
,,,,,,,,,*,,,,,,,,,.....##...#..#


You could see a deep elf annihilator.

Vanquished Creatures
  2 deep elf blademasters (Elf:3)
  Gastronok (Lair:3)
  3 deep elf sorcerers (Elf:2)
  2 orc warlords
  A deep elf demonologist (Elf:1)
  3 deep elf annihilators (Elf:3)
  2 deep elf death magi
  The ghost of ololoev the Thaumaturge, a journeyman CeFE of Vehumet (Orc:2)
  Erolcha (D:13)
  5 hydras
  A centaur warrior (D:12)
  7 two-headed ogres
  2 naga warriors (Snake:2)
  12 dancing weapons
  An anaconda (Snake:3)
  An ogre mage (Volcano)
  A satyr (Shoals:1)
  An orc high priest (Orc:1)
  4 naga sharpshooters
  4 death yaks (Lair:6)
  A shock serpent (Snake:1)
  10 deep elf knights
  A hell knight (Volcano)
  4 sea snakes (Shoals:1)
  3 naga ritualists
  8 deep elf archers
  8 orc knights
  2 orc sorcerers
  A lindwurm (Lair:6)
  47 deep elf magi
  2 manticores (Shoals:1)
  11 fauns
  5 mana vipers
  2 cyclopes
  2 ugly things
  3 elephants (Lair:6)
  2 salamanders
  2 molten gargoyles (Volcano)
  Joseph (D:8)
  4 merfolk sirens
  4 naga magi
  15 black mambas
  2 guardian serpents (Snake:2)
  4 spiny frogs
  A kobold demonologist (D:11)
  A tengu conjurer (D:13)
  9 komodo dragons
  6 trolls
  2 polar bears
  5 hornets (Lair:6)
  A wind drake (Shoals:1)
  7 hippogriffs
  3 merfolk
  2 snapping turtles (Shoals:1)
  14 blink frogs
  A dream sheep (Lair:6)
  A water elemental (Elf:3)
  2 air elementals
  8 redbacks (Snake:1)
  4 wyverns
  43 yaks
  14 spriggans (Lair:6)
  5 fire bats
  A basilisk (shapeshifter) (Elf:1)
  3 fire elementals
  3 hungry ghosts
  4 basilisks
  13 wargs
  2 soldier ants
  14 nagas
  8 water moccasins
  Duvessa (D:7)
  7 black bears
  10 porcupines
  6 ice beasts
  An eye of draining (D:9)
  52 orc warriors
  2 sky beasts
  A necrophage (D:10)
  4 boggarts (Lair:6)
  31 wolves (Lair:6)
  6 centaurs
  13 ogres
  11 crocodiles
  A big kobold (D:12)
  18 bullfrogs
  A scorpion (D:7)
  Dowan (D:7)
  11 killer bees
  4 howler monkeys
  An electric eel (Elf:3)
  2 crimson imps
  5 lava snakes (Volcano)
  A bullfrog zombie (D:12)
  11 orc priests
  10 hounds
  5 centaur skeletons
  2 centaur zombies
  4 jellies
  25 orc wizards
  2 bullfrog skeletons
  2 iguanas
  Ijyb (D:3)
  11 worker ants
  A killer bee zombie (D:6)
  A hound skeleton (D:9)
  A worker ant zombie (D:9)
  13 gnolls
  17 adders
  2 shadow imps (D:6)
  2 adder zombies (D:5)
  5 worms
  5 dart slugs
  3 leopard geckos
  112 orcs
  A ball python (D:1)
  11 bats
  8 giant cockroaches
  4 goblins
  11 hobgoblins
  8 jackals
  3 quokkas
  3 frilled lizards
  15 kobolds
  A leopard gecko skeleton (D:8)
  4 rats
  A fungus (Lair:4)
  6 plants
877 creatures vanquished.

Vanquished Creatures (others)
  A naga (Snake:2)
  22 fungi
  9 plants
32 creatures vanquished.

Grand Total: 909 creatures vanquished

Notes
Turn   | Place    | Note
-------+----------+-------------------------------------------
     0 | D:1      | 4thArraOfDagon the Mummy Wanderer began the quest for the Orb.
     0 | D:1      | 4thArraOfDagon set off with: a +2 mace, a +0 hand crossbow, 26 bolts, a scroll of teleportation, a +0 robe
     0 | D:1      | Reached XP level 1. HP: 16/16 MP: 1/1
   135 | D:2      | Reached XP level 2. HP: 13/22 MP: 2/2
   177 | D:3      | Reached skill level 4 in Maces & Flails
   284 | D:3      | Reached XP level 3. HP: 22/27 MP: 3/3
   304 | D:3      | Found a sacrificial altar of Ru.
   329 | D:3      | Became a worshipper of Ru the Awakened
   624 | D:5      | Entered Level 5 of the Dungeon
   711 | D:5      | Reached XP level 4. HP: 27/33 MP: 4/4
   770 | D:5      | Noticed an ogre
   775 | D:5      | Killed an ogre
   775 | D:5      | Reached skill level 5 in Maces & Flails
   775 | D:5      | Reached XP level 5. HP: 28/38 MP: 5/5
   932 | D:5      | Found a staircase to the Ecumenical Temple.
   984 | D:5      | You fall through a shaft for 3 floors!
  1164 | D:7      | Got a faintly humming ring mail
  1177 | D:7      | Identified the +5 ring mail "Ejaqaedgh" {rPois Dex+4} (You found it on level 7 of the Dungeon)
  1199 | D:5      | Found a snail-covered altar of Cheibriados.
  1213 | D:5      | Fell from the grace of Ru
  1213 | D:5      | Became a worshipper of Cheibriados the Contemplative
  1232 | D:6      | Reached skill level 1 in Armour
  1232 | D:6      | Reached XP level 6. HP: 39/44 MP: 6/6
  1274 | D:6      | Reached skill level 6 in Maces & Flails
  1514 | D:5      | Reached skill level 1 in Dodging
  1576 | D:4      | Found an iron altar of Okawaru.
  1631 | D:3      | Noticed Ijyb
  1641 | D:3      | Killed Ijyb
  1695 | D:2      | Reached * piety under Cheibriados
  2564 | D:2      | Reached ** piety under Cheibriados
  2785 | D:2      | Reached XP level 7. HP: 47/50 MP: 7/7
  2884 | D:2      | Reached skill level 1 in Invocations
  3493 | D:4      | Reached *** piety under Cheibriados
  3924 | D:6      | Reached skill level 7 in Maces & Flails
  3972 | D:6      | Noticed 4thArraOfDagon's ghost (novice NaWn)
  3993 | D:6      | Reached XP level 8. HP: 55/56 MP: 9/9
  4091 | D:6      | Reached **** piety under Cheibriados
  4283 | D:7      | Noticed Duvessa
  4283 | D:7      | Noticed Dowan
  4299 | D:7      | Killed Dowan
  4305 | D:7      | Killed Duvessa
  4601 | D:7      | Learned a level 2 spell: Blink
  4606 | D:7      | Reached skill level 8 in Maces & Flails
  4613 | D:7      | Reached XP level 9. HP: 58/61 MP: 11/11
  4999 | D:8      | Noticed Joseph
  5040 | D:9      | Found a bloodstained altar of Trog.
  5439 | D:9      | Reached skill level 9 in Maces & Flails
  5471 | D:8      | Reached skill level 5 in Dodging
  5531 | D:9      | Noticed a troll
  5542 | D:9      | Killed a troll
  5542 | D:9      | Reached XP level 10. HP: 30/67 MP: 10/13
  5550 | D:9      | Found a stormy altar of Qazlal.
  5603 | D:10     | Entered Level 10 of the Dungeon
  5613 | D:10     | Reached skill level 5 in Invocations
  5691 | D:10     | Noticed a green ugly thing
  5709 | D:10     | Killed a green ugly thing
  5709 | D:10     | Reached skill level 5 in Armour
  5971 | D:10     | Found Ftuntuif's Fabulous Fripperies.
  6111 | D:11     | Found a labyrinth entrance.
  6136 | D:11     | Found Putuxt's Serpentskin Sales.
  6168 | D:11     | Reached ***** piety under Cheibriados
  6246 | D:11     | Reached skill level 10 in Maces & Flails
  6265 | D:11     | Found a staircase to the Lair.
  6405 | D:11     | Found a staircase to the Orcish Mines.
  6505 | D:12     | Noticed a seven-headed hydra
  6540 | D:12     | Reached XP level 11. HP: 72/76 MP: 13/15
  6767 | D:12     | Noticed an eight-headed hydra
  6769 | D:12     | Noticed a brown ugly thing
  6845 | D:12     | Noticed a two-headed ogre
  6854 | D:12     | Killed a two-headed ogre
  7074 | D:13     | Noticed a green ugly thing
  7093 | D:13     | Killed a green ugly thing
  7132 | D:13     | Noticed Erolcha
  7137 | D:13     | Killed Erolcha
  7220 | D:13     | Noticed a centaur warrior
  7308 | D:12     | Killed a centaur warrior
  7308 | D:12     | Reached skill level 5 in Fighting
  7352 | D:13     | Noticed a deep elf mage
  7374 | D:13     | Killed a deep elf mage
  7419 | D:13     | Noticed a two-headed ogre
  7431 | D:13     | Killed a two-headed ogre
  7459 | D:14     | Noticed a rakshasa
  7485 | D:14     | Reached skill level 11 in Maces & Flails
  7496 | D:15     | Entered Level 15 of the Dungeon
  7524 | D:15     | Noticed a fire crab
  7698 | D:13     | Reached XP level 12. HP: 80/86 MP: 17/17
  7699 | D:13     | Noticed a vault guard
  7893 | D:8      | Killed Joseph
  8193 | Orc:1    | Entered Level 1 of the Orcish Mines
  8199 | Orc:1    | Noticed an orc high priest
  8221 | Orc:1    | Killed an orc high priest
  8228 | Orc:1    | Found Eraj's Weapon Emporium.
  8299 | Orc:1    | Found a dark tunnel.
  8311 | Volcano  | Entered a volcano
  8540 | Volcano  | Found a burning altar of Makhleb.
  8545 | Volcano  | Noticed a two-headed ogre
  8548 | Volcano  | Killed a two-headed ogre
  8549 | Volcano  | Noticed a two-headed ogre
  8551 | Volcano  | Noticed a two-headed ogre
  8555 | Volcano  | Killed a two-headed ogre
  8560 | Volcano  | Killed a two-headed ogre
  8566 | Volcano  | Noticed an ogre mage
  8567 | Volcano  | Noticed a two-headed ogre
  8572 | Volcano  | Killed an ogre mage
  8573 | Volcano  | Killed a two-headed ogre
  8748 | Orc:1    | Noticed an orc warlord
  8792 | Orc:1    | Killed an orc warlord
  9006 | Orc:2    | Entered Level 2 of the Orcish Mines
  9006 | Orc:2    | Found a staircase to the Elven Halls.
  9006 | Orc:2    | Noticed ololoev's ghost (journeyman CeFE)
  9089 | Orc:2    | Gained mutation: You are in touch with the powers of death. [Mummy growth]
  9089 | Orc:2    | Reached XP level 13. HP: 95/95 MP: 18/18
  9167 | Orc:2    | Killed ololoev's ghost
  9167 | Orc:2    | Reached skill level 12 in Maces & Flails
  9946 | Orc:1    | Reached skill level 5 in Evocations
 10153 | Orc:2    | Found Eqoogykenn's Food Emporium.
 10153 | Orc:2    | Found Umemob's Jewellery Shop.
 10289 | Orc:2    | Found a roughly hewn altar of Beogh.
 10297 | Orc:2    | Found Cenuduat's Magic Scroll Emporium.
 10297 | Orc:2    | Found Dot Nohuhei's Gadget Shop.
 10302 | Orc:2    | Bought a scroll of identify for 26 gold pieces
 10302 | Orc:2    | Bought a scroll of blinking for 97 gold pieces
 10302 | Orc:2    | Bought a scroll of fog for 26 gold pieces
 10302 | Orc:2    | Bought a scroll of teleportation for 39 gold pieces
 10361 | Orc:2    | Bought the ring "Alov" {*Drain rPois MR++ MP+9 Int+4} for 636 gold pieces
 10361 | Orc:2    | Bought the amulet "Ceqifun" {Regen+ Stlth+} for 597 gold pieces
 10483 | Lair:1   | Entered Level 1 of the Lair of Beasts
 11026 | Lair:5   | Found a staircase to the Slime Pits.
 11029 | Lair:5   | Found a viscous altar of Jiyva.
 11201 | Lair:6   | Entered Level 6 of the Lair of Beasts
 11393 | Lair:6   | Reached XP level 14. HP: 93/101 MP: 20/20
 11539 | Lair:6   | Reached skill level 13 in Maces & Flails
 12442 | Lair:2   | Found a staircase to the Shoals.
 12467 | Lair:2   | Found a staircase to the Snake Pit.
 12485 | Lair:2   | Reached ****** piety under Cheibriados
 12571 | Snake:1  | Entered Level 1 of the Snake Pit
 12727 | Lair:3   | Noticed Gastronok
 12744 | Lair:3   | Killed Gastronok
 13129 | Elf:1    | Entered Level 1 of the Elven Halls
 13298 | Elf:1    | Found Intatuif's Gadget Emporium.
 13378 | Elf:1    | Found Ruol's Book Shoppe.
 13378 | Elf:1    | Found Woneloto's Antique Weapon Emporium.
 13453 | Elf:2    | Reached skill level 14 in Maces & Flails
 13453 | Elf:2    | Reached XP level 15. HP: 81/107 MP: 20/22
 13529 | Elf:1    | Got a bone battleaxe
 13530 | Elf:1    | Identified the +9 battleaxe of Expedience {elec, rF++ MP+9 SInv Stlth+} (You found it on level 1 of the Elven Halls)
 14073 | Shoals:1 | Entered Level 1 of the Shoals
 14088 | Shoals:1 | Reached skill level 1 in Axes
 14323 | Shoals:1 | Reached skill level 10 in Invocations
 14375 | Shoals:1 | Reached skill level 10 in Dodging
 14399 | Shoals:1 | Reached skill level 10 in Armour
 14634 | Shoals:2 | Noticed Roxanne
 15061 | Snake:1  | Reached skill level 5 in Axes
 15642 | Snake:2  | Found a blossoming altar of Fedhas.
 16268 | Snake:2  | Noticed a nagaraja
 16448 | Orc:2    | Noticed an orc warlord
 16456 | Orc:2    | Killed an orc warlord
 16595 | Elf:1    | Reached XP level 16. HP: 82/113 MP: 23/23
 17056 | Elf:2    | Reached skill level 10 in Axes
 17069 | Elf:3    | Entered Level 3 of the Elven Halls
 17251 | Elf:3    | Identified a scroll of acquirement
 17255 | Elf:3    | Got a pair of translucent gloves
 17266 | Elf:3    | Identified the +2 pair of gloves of Guah {rN+ Str+4 Dex+4} (You acquired it on level 3 of the Elven Halls)
 17582 | Elf:2    | Got a warped bardiche {chop}
 17593 | Elf:2    | Found a runed gate.
 17593 | Elf:2    | Found a runed gate.
 17616 | Elf:2    | Identified the +6 bardiche "Qoym" {chop, +Blink Int+2} (You took it off a deep elf mage on level 2 of the Elven Halls)
 17813 | Elf:2    | Got a transparent quarterstaff
 17871 | Elf:2    | Found Pol Geqo's Magic Scroll Boutique.
 17876 | Elf:2    | Bought a scroll of blinking for 112 gold pieces
 17876 | Elf:2    | Bought a scroll of teleportation for 45 gold pieces
 17890 | Elf:2    | Bought a scroll of identify for 30 gold pieces
 17890 | Elf:2    | Bought a scroll of identify for 30 gold pieces
 17890 | Elf:2    | Bought a scroll of identify for 30 gold pieces
 17890 | Elf:2    | Bought a scroll of identify for 30 gold pieces
 18135 | Elf:3    | Noticed a deep elf blademaster
 18146 | Elf:3    | Killed a deep elf blademaster
 18168 | Elf:3    | Noticed a deep elf blademaster
 18189 | Elf:3    | Killed a deep elf blademaster
 18193 | Elf:3    | Killed from afar by a deep elf annihilator

Vault maps used:
D:1:      lightli_arrival_statue_moat
D:2:      first_bread
D:3:      hangedman_ru_absence, uniq_iyjb
D:4:      okawaru_trees_2
D:5:      temple_doors_e, kennysheep_slug_shrine
D:7:      uniq_duvessa
D:8:      special_room, uniq_joseph
D:9:      marbit_many_paths, basic_altar
D:10:     hangedman_fish_farm, nicolae_alphabet_shops
D:11:     due_lair_maze_entry_diamond, david_orc_4, lab_entry_generic,
          guppyfry_shop_venom, uniq_fannar
D:13:     grunt_vaults_entry_fortified, hangedman_abyss_or_decor_stagger,
          uniq_erolcha
D:14:     cheibrodos_hippocracy, nicolae_dithmenos_the_darkroom,
          nicolae_lava_and_water, uniq_azrael
D:15:     grunt_enter_depths_hoard, serial_glass, glass_columns_b,
          glass_columns_a
Lair:2:   elwin_shoals_entry_rocks, guppyfry_snake_entry_island
Lair:3:   lemuel_slime, lemuel_fruit_tree, uniq_gastronok
Lair:5:   slime_altar_1, ldierk_geyser
Lair:6:   minmay_lair_end_enchanted_forest
Shoals:2: lemuel_centaur_altar, uniq_roxanne, uniq_polyphemus
Snake:1:  serial_shops, shop, spider_trap
Snake:2:  basic_altar
Orc:1:    serial_shops, shop, nicolae_volcano_entry_batcave, rock_pile
Orc:2:    st_orc_town
Elf:1:    serial_shops, shop, hangedman_elven_crosses_minicolossus, minivault_5,
          hex_tiny, minivault_4, minmay_shoptagon
Elf:2:    serial_shops, nicolae_shop_trees, minmay_misc_feat_five,
          hangedman_elf_simple_split
Elf:3:    grunt_elf_hall_branching, minivault_14
Volcano:  volcano_lake

Skill      XL: |  1  2  3  4  5  6  7  8  9 10 11 12 13 14 15 16 |
---------------+-------------------------------------------------+-----
Maces & Flails | 4 5 6 7 8 9 10 11 12 14 | 14.0
Armour         | 1 2 3 4 5 6 7 8 9 10 | 10.0
Dodging        | 1 2 3 5 6 7 8 9 10 | 10.0
Invocations    | 2 3 4 6 7 8 9 10 | 10.0
Fighting       | 3 5 6 |  6.6
Evocations     | 2 4 5 6 |  6.1
Axes           | 9 12 | 12.6
Long Blades    | |  1.0
Throwing       | |  1.0
Stealth        | |  1.0

Action                   |  1- 3 |  4- 6 |  7- 9 | 10-12 | 13-15 | 16-18 || total
-------------------------+-------+-------+-------+-------+-------+-------++-------
Melee: Mace              |    16 |   227 |   151 |       |       |       ||   394
       Flail             |       |       |   203 |   580 |       |       ||   783
       Great mace        |       |       |       |    74 |   901 |       ||   975
       Battleaxe         |       |       |       |       |   378 |   253 ||   631
 Fire: Hand crossbow     |    53 |    12 |     9 |    12 |       |       ||    86
Throw: Throwing net      |       |       |       |     2 |     1 |     3 ||     6
Invok: Slouch            |       |       |     4 |    10 |    18 |     6 ||    38
       Bend Time         |       |       |     2 |     4 |     5 |     5 ||    16
       Temporal Distorti |       |       |       |     9 |     4 |       ||    13
Evoke: Wand              |       |       |       |    34 |    14 |    13 ||    61
       Phial of floods   |       |       |       |       |     1 |       ||     1
  Use: Scroll            |       |     6 |     3 |    21 |    16 |    10 ||    56
 Stab: Sleeping          |       |     4 |     3 |     6 |     5 |     7 ||    25
       Distracted        |       |       |     1 |       |     3 |       ||     4
       Paralysed         |       |       |       |    11 |     6 |       ||    17
Armor: Robe              |     1 |       |       |       |       |       ||     1
       Ring mail         |     4 |   131 |   151 |    95 |       |       ||   381
       Chain mail        |       |     2 |       |       |       |       ||     2
       Troll leather arm |       |       |       |   125 |   270 |    23 ||   418
       Plate armour      |       |       |       |       |   219 |    74 ||   293
Dodge: Dodged            |    15 |   137 |   265 |   585 |  1273 |   132 ||  2407
